 Dungeon Crawl Stone Soup version 0.30-a0-883-g5ad918d77d (webtiles) character file.

Game seed: 141509204584170575

4554 pokeman the Thaumaturge (level 10, -1/54 HPs)
             Began as a Deep Elf Hedge Wizard on Mar 16, 2023.
             Slain by an orc warrior
             ... wielding a +0 glaive of venom
              (11 damage)
             ... on level 10 of the Dungeon.
             The game lasted 00:20:04 (10498 turns).

pokeman the Thaumaturge (Deep Elf Hedge Wizard)    Turns: 10498, Time: 00:20:05

Health: -1/54      AC: 15    Str:  7    XL:     10   Next: 17%
Magic:  8/28       EV: 13    Int: 24    God:
Gold:   576        SH:  0    Dex: 14    Spells: 22/34 levels left

rFire   . . .      SeeInvis .    w - +2 dagger (venom)
rCold   . . .      Faith    .    (no shield)
rNeg    . . .      Spirit   .    L - +0 steam dragon scales
rPois   +          Reflect  .    c - +0 hat
rElec   .          Rampage  .    P - +2 cloak
rCorr   .                        t - +0 pair of gloves
Will    +....                    i - +0 pair of boots
Stlth   ++                       (no amulet)
HPRegen 0.29/turn                o - ring of poison resistance
MPRegen 0.21/turn                h - +4 ring of protection

@: very slightly contaminated
A: no striking features
a: no special abilities


You were on level 10 of the Dungeon.
You visited 2 branches of the dungeon, and saw 11 of its levels.

You collected 576 gold pieces.

Inventory:

Hand Weapons
 q - a +3 quarterstaff of chaos
 w - a +2 dagger of venom (weapon)
Missiles
 y - a curare-tipped dart
 R - a throwing net
Armour
 c - a +0 hat (worn)
 i - a +0 pair of boots (worn)
 r - a +0 cloak of stealth
 t - a +0 pair of gloves (worn)
 L - +0 steam dragon scales (worn)
 P - a +2 cloak (worn)
Magical Staves
 C - a staff of fire
Jewellery
 g - a ring of positive energy
 h - a +4 ring of protection (right hand)
 o - a ring of poison resistance (left hand)
 Q - a ring of resist corrosion
Wands
 j - a wand of charming (8)
 I - a wand of mindburst (15)
 K - a wand of flame (15)
 N - a wand of digging (8)
Scrolls
 a - 2 scrolls of amnesia {unknown}
 b - a scroll of enchant weapon {unknown}
 e - 3 scrolls of noise {unknown}
 f - 9 scrolls of identify {unknown}
 l - a scroll of butterflies {unknown}
 m - a scroll of poison {unknown}
 n - 2 scrolls of immolation {unknown}
 p - 2 scrolls of enchant armour {unknown}
 x - a scroll of blinking {unknown}
 D - 4 scrolls of teleportation {unknown}
 F - 5 scrolls of fog {unknown}
 H - a scroll of torment {unknown}
 O - a scroll of vulnerability {unknown}
 S - a scroll of fear {unknown}
Potions
 d - a potion of magic
 k - a potion of brilliance {unknown}
 s - a potion of lignification {unknown}
 u - 3 potions of flight {unknown}
 v - 5 potions of curing
 A - 2 potions of ambrosia {unknown}
 B - a potion of mutation {unknown}
 E - a potion of haste {unknown}
 G - a potion of invisibility {unknown}
 M - a potion of might {unknown}


   Skills:
 + Level 2.5 Fighting
 - Level 3.0 Armour
 - Level 3.0 Dodging
 - Level 3.0 Stealth
 - Level 3.0 Shields
 * Level 12.9 Spellcasting
 + Level 7.2 Conjurations
 - Level 3.0 Summonings
 - Level 1.1 Translocations
 + Level 5.8 Fire Magic
 - Level 1.0 Air Magic
 - Level 1.0 Poison Magic
 - Level 1.0 Evocations


You had 22 spell levels left.
You knew the following spells:

 Your Spells              Type           Power      Damage    Failure   Level
a - Magic Dart            Conj           100%       1d8       1%          1
b - Mephitic Cloud        Conj/Pois/Air  30%        N/A       3%          3
c - Call Imp              Summ           29%        N/A       1%          2
d - Blink                 Tloc           40%        N/A       3%          2
e - Flame Wave            Conj/Fire      46%        2d12      2%          4

Your spell library contained the following spells:

 Spells                   Type           Power      Damage    Failure   Level
 Sticky Flame             Conj/Fire      46%        2d6       2%          4
 Inner Flame              Hex/Fire       29%        N/A       3%          3
 Slow                     Hex            60%        N/A       4%          1
 Cigotuvi's Dreadful Rot  Necr/Pois/Air  38%        N/A       4%          2
 Dispel Undead            Necr           15%        3d10      36%         4
 Death Channel            Necr           7%         N/A       99%         6


Dungeon Overview and Level Annotations

Branches:
Dungeon (10/15)            Temple (1/1) D:4            Lair (0/5) D:8
    Orc: D:9-12

Altars:
Ashenzari
Cheibriados
Dithmenos
Elyvilon
Fedhas
Gozag
Hepliaklqana
Kikubaaqudgha
Makhleb
Nemelex Xobeh
Okawaru
Qazlal
Ru
Sif Muna
Trog
Uskayaw
Wu Jian
Xom
Yredelemnul
Zin
The Shining One

Shops:
D:7 (

Annotations:
D:10 Maurice


Message History

The stinking cloud engulfs the orc warrior but does no damage.
The orc warrior is almost dead.
The stinking cloud engulfs Maurice but does no damage.
Maurice is almost dead.
* * * LOW HITPOINT WARNING * * *
You feel very sick.
Maurice mumbles some strange words.
Maurice puts on a burst of speed!
The orc warrior is engulfed in noxious fumes.
The orc warrior appears confused.
Unknown command.
It was a potion of curing.
You feel better.
The orc warrior is engulfed in noxious fumes.
The orc warrior appears confused.
Maurice hits you with a +2 dagger of electrocution.
* * * LOW HITPOINT WARNING * * *
Maurice steals your scroll labelled CORASID KOEPTE!
Casting: Mephitic Cloud (dangerous; 3% risk of failure)
Confirm with . or Enter, or press ? or * to list all spells.
Aiming: Mephitic Cloud (dangerous; 3% risk of failure)
Press: ? - help, Shift-Dir - straight line, f/p - orc warrior
Aim: an orc warrior, wielding a +0 glaive of venom and wearing a +0 plate armour (noxious fumes, almost dead, confused, chance to affect: 81%)
The ball explodes into a vile cloud!
The stinking cloud engulfs Maurice but does no damage.
Maurice is almost dead.
The stinking cloud engulfs you but does no damage.
The stinking cloud engulfs the orc warrior but does no damage.
The orc warrior is almost dead.
Maurice is engulfed in noxious fumes.
Maurice appears confused.
The orc warrior is engulfed in noxious fumes.
The orc warrior appears confused.
Unknown command.
You barely miss the orc warrior.
The orc warrior is almost dead.
Maurice is engulfed in noxious fumes.
Maurice appears confused.
Maurice hits the orc warrior with a +2 dagger of electrocution.
The orc warrior is engulfed in noxious fumes.
The orc warrior appears confused.
The orc warrior hits you with a +0 glaive of venom!
You die...

##+######
#.......#...#........
#.......+...#........
#.......#...#.......
#.......#...#......
#####.......#...#....#
............#...#○@..#
.....####'###...#o○°.#
.....#......+...@○°☼.#
.....#......#...#○°))....
.....#...######.#.......#
.#####...######.#########
.#........#.......#
.#........'....>..#
.###########.#################
.......#.###.###.............#
.......#......#...#..........#


You could see Maurice (swift, confused) and an orc warrior (confused).

Vanquished Creatures
  A komodo dragon (D:8)
  Sigmund (D:3)
  A shadow (D:9)
  A wyvern (D:8)
  A wraith (D:9)
  3 steam dragons
  A water moccasin (D:7)
  4 orc warriors
  An ice beast (D:6)
  3 sky beasts
  2 ogres (D:6)
  2 centaurs
  2 kobold brigands
  A bullfrog (D:9)
  A gnoll sergeant (D:9)
  A scorpion (D:6)
  5 wights (D:9)
  6 killer bees
  2 howler monkeys
  2 jellies
  4 hounds (D:5)
  6 orc priests
  Crazy Yiuf (D:3)
  A sleepcap (D:6)
  Jessica (D:3)
  A gnoll bouda (D:7)
  4 iguanas (D:6)
  Natasha (thrice) (D:2)
  4 orc wizards
  9 adders
  12 gnolls
  2 shadow imps
  A worm (D:3)
  2 dart slugs (D:2)
  23 orcs
  8 endoplasms
  6 giant cockroaches
  3 goblins
  9 hobgoblins
  2 jackals (D:4)
  15 kobolds
  4 quokkas
  5 ball pythons
  9 bats
  A frilled lizard (D:3)
  9 rats
186 creatures vanquished.

Vanquished Creatures (collateral kills)
  An ice beast (D:5)
  An orc priest (D:6)
  A white imp (D:6)
3 creatures vanquished.

Vanquished Creatures (others)
  A killer bee (D:8)
1 creature vanquished.

Grand Total: 190 creatures vanquished

Notes
Turn   | Place    | Note
-------+----------+-------------------------------------------
     0 | D:1      | pokeman the Deep Elf Hedge Wizard began the quest for the
                  | Orb.
     0 | D:1      | Reached XP level 1. HP: 10/10 MP: 7/7
   268 | D:1      | Reached XP level 2. HP: 16/16 MP: 6/9
   737 | D:1      | Reached skill level 5 in Spellcasting
   925 | D:1      | Reached XP level 3. HP: 20/20 MP: 11/11
   929 | D:1      | Learned a level 3 spell: Mephitic Cloud
   932 | D:1      | Learned a level 2 spell: Call Imp
   935 | D:1      | Learned a level 2 spell: Blink
  1553 | D:2      | Reached skill level 1 in Fighting
  1611 | D:2      | Reached skill level 1 in Armour
  1856 | D:2      | Found a faded altar of an unknown god.
  1884 | D:2      | Noticed Natasha
  1935 | D:2      | Reached XP level 4. HP: 25/25 MP: 11/13
  1953 | D:2      | Killed Natasha
  2186 | D:2      | Noticed Natasha
  2196 | D:2      | Killed Natasha
  2240 | D:2      | Reached skill level 6 in Spellcasting
  2591 | D:2      | Noticed Natasha
  2599 | D:2      | Killed Natasha
  2600 | D:2      | Reached XP level 5. HP: 19/29 MP: 11/15
  3061 | D:3      | Noticed Jessica
  3065 | D:3      | Killed Jessica
  3127 | D:3      | Noticed Sigmund
  3154 | D:3      | Reached skill level 1 in Air Magic
  3154 | D:3      | Reached skill level 1 in Poison Magic
  3157 | D:3      | Killed Sigmund
  3158 | D:3      | Reached skill level 7 in Spellcasting
  3158 | D:3      | Reached XP level 6. HP: 9/34 MP: 10/18
  3560 | D:3      | Found a runed translucent door.
  3561 | D:3      | Noticed Crazy Yiuf
  3847 | D:3      | Killed Crazy Yiuf
  4159 | D:4      | Found a staircase to the Ecumenical Temple.
  4175 | Temple   | Entered the Ecumenical Temple
  4355 | D:4      | Found an opulent altar of Gozag.
  4492 | D:4      | Reached XP level 7. HP: 24/39 MP: 12/20
  5066 | D:5      | Entered Level 5 of the Dungeon
  5198 | D:5      | Reached skill level 8 in Spellcasting
  5817 | D:5      | Reached skill level 1 in Shields
  5920 | D:5      | Found an ornate altar of the Wu Jian Council.
  5928 | D:5      | Found a burning altar of Makhleb.
  5935 | D:5      | Found a sparkling altar of Nemelex Xobeh.
  5942 | D:5      | Found a hide-covered altar of Uskayaw.
  5948 | D:5      | Found an iron altar of Okawaru.
  5955 | D:5      | Found a stormy altar of Qazlal.
  5961 | D:5      | Found a broken altar of Ashenzari.
  6140 | D:5      | Reached skill level 1 in Fire Magic
  6140 | D:5      | Reached skill level 1 in Evocations
  6179 | D:6      | Reached skill level 9 in Spellcasting
  6179 | D:6      | Reached XP level 8. HP: 24/44 MP: 17/23
  6267 | D:6      | Found an ancient bone altar of Kikubaaqudgha.
  6563 | D:6      | Reached skill level 5 in Conjurations
  6744 | D:6      | You fall into a shaft and drop 1 floor!
  6778 | D:7      | Reached skill level 10 in Spellcasting
  7554 | D:7      | Reached XP level 9. HP: 43/48 MP: 22/25
  7754 | D:7      | Reached skill level 11 in Spellcasting
  7779 | D:7      | Found Xuror's Antique Weapon Shop.
  8235 | D:8      | Learned a level 4 spell: Flame Wave
  8316 | D:8      | Noticed a komodo dragon
  8329 | D:8      | Killed a komodo dragon
  8582 | D:8      | Found a staircase to the Lair.
  8730 | D:8      | Reached skill level 12 in Spellcasting
  9037 | D:9      | Reached skill level 5 in Fire Magic
  9538 | D:9      | Reached XP level 10. HP: 53/53 MP: 25/28
  9571 | D:9      | Found a white marble altar of Elyvilon.
 10325 | D:10     | Entered Level 10 of the Dungeon
 10485 | D:10     | Noticed Maurice
 10498 | D:10     | Slain by an orc warrior

Illustrated notes

Levels and vault maps discovered:
D:1:      shiori_arrival_maze, layout_loops_ring, st_stairs_3,
          minmay_worlds_worst_comb
D:2:      layout_loops_ring, hellmonk_ecumenical_altar_prayer_group,
          nicolae_concentric_dashed_squares_mild, uniq_natasha
D:3:      layout_loops_ring, columned_hall_lemuel, kennysheep_another_room,
          kennysheep_generic_room_3, uniq_sigmund, uniq_jessica,
          uniq_crazy_yiuf_cottage
D:4:      layout_loops_corners, nicolae_gozag_cash_rules_everything_around_me,
          minmay_temple_entry_antechambers, grunt_ministairs_4
D:5:      layout_loops_ring, grunt_temple_overflow_octagram
D:6:      layout_cave_pools, amcnicky_altar_gilded, minmay_misc_feat_chi
D:7:      layout_loops_corners, serial_shops, shop
D:8:      nicolae_hitomezashi [nicolae_hito_row, nicolae_hito_row,
          nicolae_hito_row, nicolae_hito_row, nicolae_hito_row,
          nicolae_hito_row, nicolae_hito_row, nicolae_hito_row,
          nicolae_hito_row, nicolae_hito_row, nicolae_hito_row,
          nicolae_hito_row, nicolae_hito_row, nicolae_hito_row,
          nicolae_hito_row, nicolae_hito_row, nicolae_hito_row,
          nicolae_hito_row], layout_basic
D:9:      layout_basic, mainiacjoe_overflow_brackets, minivault_26
D:10:     layout_gridville, mainiacjoe_overflow_alcove_4, serial_shops, shop,
          lemuel_flamethrower_2, uniq_gastronok, uniq_nergalle, uniq_maurice
Temple:   nicolae_temple_ecumenical_triangle

Skill      XL: |  1  2  3  4  5  6  7  8  9 10 |
---------------+-------------------------------+-----
Spellcasting   | 5 6 7 9 10 12 | 12.9
Fighting       | 1 2 |  2.5
Armour         | 1 3 |  3.0
Conjurations   | 2 3 4 5 6 7 |  7.2
Dodging        | 3 |  3.0
Stealth        | 3 |  3.0
Air Magic      | 1 |  1.0
Poison Magic   | 1 |  1.0
Summonings     | 2 3 |  3.0
Shields        | 1 3 |  3.0
Fire Magic     | 1 3 5 |  5.8
Evocations     | 1 |  1.0
Translocations | |  1.1

Action                     |  1- 3 |  4- 6 |  7- 9 | 10-12 || total
---------------------------+-------+-------+-------+-------++-------
  Melee: Dagger            |     4 |       |    72 |    17 ||    93
         Short sword       |     2 |    69 |   137 |       ||   208
         Punch             |       |       |     4 |       ||     4
   Cast: Magic Dart        |   116 |    54 |   132 |    11 ||   313
         Mephitic Cloud    |       |     9 |    40 |     7 ||    56
         Call Imp          |       |     1 |     5 |       ||     6
         Blink             |       |       |     1 |       ||     1
         Flame Wave        |       |       |     6 |     6 ||    12
    Use: Potion            |       |       |       |     1 ||     1
   Stab: Sleeping          |     3 |       |       |       ||     3
         Confused          |       |     6 |    35 |     2 ||    43
 Armour: Robe              |     7 |    15 |    27 |       ||    49
         Steam dragon scal |       |       |    31 |    15 ||    46
  Dodge: Dodged            |    16 |    35 |   134 |    19 ||   204

Table legend: (Time is in decaauts)
 A = Elapsed time spent in this place.
 B = Non-inter-level travel time spent in this place.
 C = Inter-level travel time spent in this place.
 D = Time resting spent in this place.
 E = Time spent auto-exploring this place.
 F = Levels seen in this place.
 G = Mean time per level.
                   A        B        C        D        E       F      G
               +--------+--------+--------+--------+--------+-----+--------+
         Total |  10496 |  10104 |    392 |    167 |   8300 |  11 |  954.2 |
       Dungeon |  10447 |  10064 |    383 |    167 |   8270 |  10 | 1044.7 |
        Temple |     49 |     40 |      9 |      0 |     30 |   1 |   49.0 |
               +--------+--------+--------+--------+--------+-----+--------+

Top non-repeatable levels by time:
     D:2: 1379 daAuts
     D:9: 1370 daAuts
     D:1: 1278 daAuts
     D:3: 1252 daAuts
     D:4: 1104 daAuts
     D:5: 1063 daAuts
     D:7: 997 daAuts
     D:6: 947 daAuts
     D:8: 880 daAuts
    D:10: 172 daAuts
  Temple: 49 daAuts
